 Dungeon Sprint DCSS version 0.23.2-40-g277498a001 (webtiles) character file.

Game seed: 2617737175538861627

318 Devam the Grave Robber (level 6, -3/49 HPs)
             Began as a Mummy Necromancer on Sept 27, 2019.
             Was an Initiate of Gozag.
             Killed from afar by a raiju (11 damage)
             ... with a living lightning
             ... in the Dungeon (Sprint V: "Ziggurat Sprint").
             The game lasted 00:04:45 (261 turns).

Devam the Grave Robber (Mummy Necromancer)           Turns: 261, Time: 00:04:45

Health: -3/49      AC: 14    Str: 17    XL:     6   Next: 21%
Magic:  12/13      EV: 15    Int: 23    God:    Gozag
Gold:   522        SH:  8    Dex: 17    Spells: 4/15 levels left

rFire    + . .     SeeInvis .   g - +5 demon whip
rCold    . . .     Gourm    .   d - +3 buckler
rNeg     + + +     Faith    .   b - +5 fire dragon scales
rPois    ∞         Spirit   .   (no helmet)
rElec    .         Reflect  .   (no cloak)
rCorr    .         Harm     .   (no gloves)
MR       .....     NoTele   +   (no boots)
Stlth    +.........             (no amulet)
HPRegen  0.16/turn              r - +6 ring of intelligence
MPRegen  0.13/turn              t - +6 ring of strength

@: agile, gold aura, flying, very slightly contaminated, invisible
A: no food or potions, fire vulnerability, cold resistance 1, negative energy
resistance 3, torment resistance, unbreathing
a: Potion Petition, Call Merchant, Bribe Branch, Renounce Religion


You were in the Dungeon.
You worshipped Gozag.
Gozag was pleased with you.
You were not hungry.

You visited 1 branch You collected 522 gold pieces.

Inventory:

Hand Weapons
 g - a +5 demon whip (weapon)
 w - the +6 Majin-Bo {vamp, Archmagi MP+6 Int+6}
   (You found it in the Dungeon)

   It inflicts no extra harm, but heals its wielder when it wounds a living foe.
   It affects your intelligence (+6).
   It affects your magic capacity (+6).
Armour
 b - +5 fire dragon scales (worn)
 d - a +3 buckler (worn)
 e - a +3 large shield
 f - a +3 shield
Jewellery
 p - a +6 ring of dexterity
 q - a +6 ring of dexterity
 r - a +6 ring of intelligence (left hand)
 s - a +6 ring of intelligence
 t - a +6 ring of strength (right hand)
 u - a +6 ring of strength
 x - a +1 ring of protection
Wands
 m - a wand of disintegration (7)
 n - a wand of iceblast (7)
 o - a wand of acid (7)
Scrolls
 c - 4 scrolls of blinking
 h - 4 scrolls of amnesia
 i - 7 scrolls of fog
 j - 5 scrolls of identify {@r1}
 k - 5 scrolls of remove curse {@r2}
 l - 2 scrolls of fear
Miscellaneous
 a - a fan of gales (inert)
 v - a lightning rod (2/4)


   Skills:
 + Level 4.7 Fighting
 + Level 4.1 Maces & Flails
 + Level 4.0 Armour
 - Level 1.5 Dodging
 - Level 1.5 Stealth
 + Level 3.9 Shields
 - Level 5.1 Spellcasting
 + Level 0.7 Conjurations
 + Level 0.8 Hexes
 + Level 6.5 Necromancy
 + Level 0.7 Earth Magic
 + Level 3.9 Evocations


You had 4 spell levels left.
You knew the following spells:

 Your Spells              Type           Power        Failure   Level  Hunger
a - Pain                  Necr           ####         2%          1    N/A
b - Vampiric Draining     Necr           #####.....   8%          3    N/A
c - Stone Arrow           Conj/Erth      #.....       65%         3    N/A
d - Leda's Liquefaction   Hex/Erth       #.........   95%         4    N/A

Your spell library contained the following spells:

 Spells                   Type           Power        Failure   Level  Hunger
 Animate Skeleton         Necr           N/A          2%          1    N/A
 Corpse Rot               Necr           N/A          4%          2    N/A
 Confusing Touch          Hex            #.....       26%         1    N/A
 Animate Dead             Necr           N/A          26%         4    N/A
 Apportation              Tloc           #.....       36%         1    N/A
 Summon Small Mammal      Summ           #...         36%         1    N/A
 Summon Forest            Summ/Tloc      #.........   100%        5    N/A
 Summon Hydra             Summ           #.........   100%        7    N/A
 Regeneration             Chrm/Necr      Unusable     N/A         3    N/A
 Hydra Form               Tmut           Unusable     N/A         6    N/A

Dungeon Overview and Level Annotations

Branches:
Dungeon (1/1)

Altars:
Ashenzari
Cheibriados
Dithmenos
Elyvilon
Fedhas
Gozag
Hepliaklqana
Kikubaaqudgha
Makhleb
Nemelex Xobeh
Okawaru
Qazlal
Ru
Sif Muna
Trog
Uskayaw
Vehumet
Wu Jian
Xom
Yredelemnul
Zin
The Shining One
Beogh
Jiyva
Lugonu

Annotations:
D 1 transporter


Innate Abilities, Weirdness & Mutations

You do not eat or drink.
Your flesh is vulnerable to fire.
You are immune to poison.
Your flesh is cold resistant. (rC+)
You are immune to negative energy. (rN+++)
You are immune to unholy pain and torment.
You can survive without breathing.


Message History

Casting: Vampiric Draining (safe; 8% risk of failure)
Confirm with . or Enter, or press ? or * to list all spells.
Aiming: Pain (safe; 2% risk of failure)
Press: ? - help, Shift-Dir - straight line, f - raiju
Aim: a raiju (severely wounded, chance to defeat MR: 84%)
The raiju writhes in agony.
The raiju bursts into living lightning!
The living lightning misses you. The living lightning hits you!
* * * LOW HITPOINT WARNING * * *
The raiju blinks!
Casting: Pain (safe; 2% risk of failure)
Confirm with . or Enter, or press ? or * to list all spells.
Aiming: Pain (safe; 2% risk of failure)
Press: ? - help, Shift-Dir - straight line, f/p - raiju
Aim: a raiju (severely wounded, chance to defeat MR: 84%)
The raiju writhes in agony.
The raiju bursts into living lightning!
The living lightning hits you!
You die...
Your body crumbles into a pile of gold.

▓..©..▓..©..▓▓▓▓▓▓▓
▓▓▓▓▓▓▓▓▓▓▓▓▓▓
▓..8©8...▓
▓..)$[...▓
▓...|....▓
▓..$h....▓
...§....▓
▓.▓..$.▓.▓
▓...@....▓
▓▓▓▓▓▓▓▓▓▓


You could see a raiju.

Vanquished Creatures
  A naga (D)
  A phantom (D)
  A crimson imp (D)
  A quasit (D)
  2 adders (D)
  2 shadow imps (D)
  A white imp (D)
  A ball python (D)
  A bat skeleton (D)
  A jackal skeleton (D)
12 creatures vanquished.

Notes
Turn   | Place    | Note
-------+----------+-------------------------------------------
     0 | D        | Found the +6 Majin-Bo {vamp, Archmagi MP+6 Int+6}
     0 | D        | Found the +7 great mace "Firestarter" {inner flame, rF++}
     0 | D        | Devam the Mummy Necromancer began the quest for the Orb.
     0 | D        | Reached XP level 1. HP: 13/13 MP: 4/4
     3 | D        | Found a blossoming altar of Fedhas.
     7 | D        | Found a viscous altar of Jiyva.
     7 | D        | Found a hazy altar of Hepliaklqana.
     7 | D        | Found a transporter.
     7 | D        | Found an opulent altar of Gozag.
     7 | D        | Found an ancient bone altar of Kikubaaqudgha.
     7 | D        | Found a corrupted altar of Lugonu.
    20 | D        | Became a worshipper of Gozag Ym Sagoz the Greedy
    25 | D        | Found a burning altar of Makhleb.
    26 | D        | Found a sacrificial altar of Ru.
    26 | D        | Found a stormy altar of Qazlal.
    26 | D        | Found a deep blue altar of Sif Muna.
    26 | D        | Found an iron altar of Okawaru.
    26 | D        | Found a bloodstained altar of Trog.
    26 | D        | Found a sparkling altar of Nemelex Xobeh.
    44 | D        | Found the +9 heavy crossbow "Sniper" {velocity, Acc+∞ SInv}
    44 | D        | Found the +10 dark maul {crush}
    44 | D        | Found the +15 Maxwell's patent armour {-Cast -Tele rElec
                  | MR+ rCorr}
    44 | D        | Found the +18 shield of the Gong {rElec rN+ MR+ EV-5}
    44 | D        | Found the cursed +14 obsidian axe {chop, +Fly SInv *Curse}
    69 | D        | Entered arena 2.
    69 | D        | Noticed a crimson imp
    69 | D        | Found a transporter.
    77 | D        | Reached skill level 1 in Fighting
    88 | D        | Killed a crimson imp
    88 | D        | Reached skill level 1 in Maces & Flails
    88 | D        | Reached skill level 1 in Armour
    88 | D        | Reached skill level 1 in Shields
    88 | D        | Reached skill level 1 in Evocations
    88 | D        | Reached XP level 2. HP: 19/22 MP: 5/7
    88 | D        | Reached XP level 3. HP: 24/27 MP: 5/8
   125 | D        | Learned a level 3 spell: Vampiric Draining
   125 | D        | Entered arena 3.
   125 | D        | Noticed a phantom
   125 | D        | Found a transporter.
   154 | D        | Killed a phantom
   154 | D        | Reached skill level 5 in Spellcasting
   154 | D        | Reached skill level 5 in Necromancy
   154 | D        | Reached XP level 4. HP: 27/35 MP: 9/11
   225 | D        | Entered arena 4.
   225 | D        | Noticed a naga
   225 | D        | Found a transporter.
   226 | D        | Reached XP level 5. HP: 41/41 MP: 12/12
   228 | D        | Killed a naga
   228 | D        | Reached skill level 6 in Necromancy
   228 | D        | Reached XP level 6. HP: 49/49 MP: 13/13
   243 | D        | Learned a level 3 spell: Stone Arrow
   248 | D        | Learned a level 4 spell: Leda's Liquefaction
   249 | D        | Entered arena 5.
   249 | D        | Noticed a raiju
   249 | D        | Found a transporter.
   261 | D        | Killed from afar by a raiju

Skill      XL: |  1  2  3  4  5  6 |
---------------+-------------------+-----
Fighting       | 2 3 4 |  4.7
Spellcasting   | 4 5 |  5.1
Maces & Flails | 1 2 3 4 |  4.1
Armour         | 1 2 3 4 |  4.0
Shields        | 1 2 3 |  3.9
Evocations     | 1 2 3 |  3.9
Necromancy     | 5 6 |  6.5
Dodging        | |  1.5
Stealth        | |  1.5
Conjurations   | |  0.7
Hexes          | |  0.8
Earth Magic    | |  0.7

Action                   |  1- 3 |  4- 6 || total
-------------------------+-------+-------++-------
Melee: Demon whip        |    35 |       ||    35
 Cast: Pain              |       |     3 ||     3
       Vampiric Draining |       |     3 ||     3
Invok: Potion Petition   |       |     1 ||     1
Evoke: Lightning rod     |       |     6 ||     6
       Fan of gales      |       |     1 ||     1
Armor: Fire dragon scale |    12 |     2 ||    14
Dodge: Dodged            |    12 |     5 ||    17
Block: Buckler           |     4 |     1 ||     5
